 Dungeon Crawl Stone Soup version 0.21-a0-521-g1cd18d1 (webtiles) character file.

76 Gerstahl the Charlatan (level 4, 34/34 HPs)
             Began as a Demonspawn Artificer on Dec 5, 2017.
             Quit the game on level 2 of the Dungeon.
             The game lasted 00:03:18 (1763 turns).

Gerstahl the Charlatan (Demonspawn Artificer)       Turns: 1763, Time: 00:03:19

Health: 34/34      AC:  5    Str: 13    XL:     4   Next: 12%
Magic:  6/6        EV: 12    Int: 12    God:
Gold:   53         SH:  0    Dex: 14    Spells: 3/3 levels left

rFire    . . .     SeeInvis .     - Unarmed
rCold    . . .     Gourm    .   (no shield)
rNeg     . . .     Faith    .   b - +0 leather armour
rPois    .         Spirit   .   (no helmet)
rElec    .         Reflect  .   (no cloak)
rCorr    .         Harm     .   (no gloves)
MR       .....                  (no boots)
Stlth    +.........             (no amulet)
HPRegen  0.11/turn              (no ring)
MPRegen  0.10/turn              (no ring)

@: no status effects
A: molten scales 1, demonic guardian 1
a: no special abilities


You were on level 2 of the Dungeon.
You were hungry.

You visited 1 branch of the dungeon, and saw 2 of its levels.

You collected 53 gold pieces.

Inventory:

Hand Weapons
 a - a +0 short sword
Armour
 b - a +0 leather armour (worn)
Wands
 c - a wand of flame (13)
 d - a wand of enslavement (15)
 e - a wand of random effects (15)
Scrolls
 g - 3 scrolls of identify {unknown}
 h - 2 scrolls of enchant armour {unknown}
 k - a scroll of remove curse {unknown}
 m - a scroll of immolation {unknown}
 o - a scroll of teleportation {unknown}
Potions
 i - a potion of brilliance {unknown}
 j - 2 potions of heal wounds {unknown}
 l - 2 potions of curing {unknown}
 n - a potion of degeneration {unknown}
Comestibles
 f - 2 bread rations


   Skills:
 + Level 2.8 Fighting
 - Level 0.8 Short Blades
 - Level 1.7 Dodging
 - Level 0.8 Stealth
 + Level 2.3 Unarmed Combat
 - Level 3.0 Evocations


You had 3 spell levels left.
You didn't know any spells.

Dungeon Overview and Level Annotations

Branches:
Dungeon (2/15)

Altars:
Fedhas
Kikubaaqudgha


Innate Abilities, Weirdness & Mutations

You are partially covered in molten scales. (AC +2)
A weak demonic guardian rushes to your aid.


Message History

You hit the adder.
The adder is severely wounded.
The adder bites you but does no damage.
You hit the adder.
You kill the adder!
You have reached level 4!
You feel stronger.
Your demonic ancestry asserts itself...
You feel the presence of a demonic guardian.
You feel sick.
You start resting.
You feel sick. x3
You are no longer poisoned.
You start resting.
You are feeling hungry.
You start resting.
HP restored.
Found a blossoming altar of Fedhas.
Found an ancient bone altar of Kikubaaqudgha.
The ooze is too close now for your liking.
Are you sure you want to abandon this character and quit the game? (Confirm with "yes".)

#.#.....#####..### #....<......
#...#.........## #......#..P#
.............#######(....##..P#
.................(........#...##
......)........(##....#._P##
.............)(......##...#.
.......J...#.......#..#####.
.>(.......########.##.......
##.........@....##..........
#.......######...########..
###### ######.###.......
........)...######
............######
..........#.......
..............[...
..........#######. ..........#
#.


You could see an ooze (wandering).

Vanquished Creatures
  A gnoll (D:1)
  2 adders (D:2)
  2 dart slugs (D:2)
  4 leopard geckos
  A ball python (D:2)
  2 giant cockroaches (D:1)
  7 goblins
  7 hobgoblins
  A quokka (D:2)
  2 bats (D:1)
  6 frilled lizards
  2 kobolds
  5 rats
42 creatures vanquished.

Notes
Turn   | Place    | Note
-------+----------+-------------------------------------------
     0 | D:1      | Gerstahl the Demonspawn Artificer began the quest for the Orb.
     0 | D:1      | Reached XP level 1. HP: 15/15 MP: 3/3
    27 | D:1      | Reached skill level 1 in Unarmed Combat
    27 | D:1      | Gained mutation: You are partially covered in molten scales. (AC +2) [demonic ancestry]
    27 | D:1      | Reached XP level 2. HP: 14/21 MP: 4/4
   876 | D:1      | Reached XP level 3. HP: 27/27 MP: 5/5
  1583 | D:2      | Gained mutation: A weak demonic guardian rushes to your aid. [demonic ancestry]
  1583 | D:2      | Reached XP level 4. HP: 23/34 MP: 6/6
  1743 | D:2      | Found a blossoming altar of Fedhas.
  1745 | D:2      | Found an ancient bone altar of Kikubaaqudgha.
  1763 | D:2      | Quit the game

Vault maps used:
D:1:      dpeg_arrival_tiny_i
D:2:      grunt_temple_overflow_growth_and_decay

Skill      XL: |  1  2  3 |
---------------+----------+-----
Unarmed Combat | 1 2 |  2.3
Fighting       | 2 |  2.8
Short Blades   | |  0.8
Dodging        | |  1.7
Stealth        | |  0.8
Evocations     | |  3.0

Action                   |  1- 3 |  4- 6 || total
-------------------------+-------+-------++-------
Melee: Unarmed           |   188 |       ||   188
       Punch             |     1 |       ||     1
Evoke: Wand              |     2 |       ||     2
 Stab: Sleeping          |     1 |       ||     1
  Eat: Chunk             |     2 |       ||     2
Armor: Leather armour    |    53 |       ||    53
Dodge: Dodged            |   103 |       ||   103

Table legend:
 A = Spawn XP
 B = Non-spawn XP
 C = Spawn XP percentage of total XP
 D = Spawn monster count
 E = Non-spawn monster count
 F = Spawn count percentage of total count
 G = Total turns spent on level
                    A         B        C        D         E        F      G
               +---------+---------+-------+---------+---------+-------+---------
         Total |       0 |     109 |   0.0 |       0 |      42 |   0.0 |  1763
               +---------+---------+-------+---------+---------+-------+---------
           D:1 |       0 |      41 |   0.0 |       0 |      18 |   0.0 |   903
           D:2 |       0 |      68 |   0.0 |       0 |      24 |   0.0 |   860
               +---------+---------+-------+---------+---------+-------+---------
